 Dungeon Crawl Stone Soup version 0.29.1 (webtiles) character file.

Game seed: 444944288770871591

35 Icepheonix32 the Insei (level 3, -5/26 HPs)
             Began as a Merfolk Transmuter on Sept 14, 2022.
             Slain by Terence
             ... wielding a +0 mace
              (10 damage)
             ... on level 2 of the Dungeon.
             The game lasted 00:01:57 (1370 turns).

Icepheonix32 the Insei (Merfolk Transmuter)         Turns: 1370, Time: 00:01:58

Health: -5/26      AC:  2    Str: 10    XL:     3   Next: 33%
Magic:  4/6        EV: 13    Int: 14    God:
Gold:   97         SH:  0    Dex: 14    Spells: 2/6 levels left

rFire   . . .      SeeInvis .     - Unarmed
rCold   + . .      Faith    .   (no shield)
rNeg    . . .      Spirit   .   a - +0 robe
rPois   .          Reflect  .   (helmet currently unavailable)
rElec   .          Harm     .   (no cloak)
rCorr   .          Rampage  .   (no gloves)
Will    .....                   (boots currently unavailable)
Stlth   +.........              (no amulet)
HPRegen 0.08/turn               e - ring of protection from cold
MPRegen 0.10/turn               (no ring)

@: appendages
A: horns 2, (nimble swimmer 2), mertail
a: End Transformation


You were on level 2 of the Dungeon.
You had temporarily grown beastly horns.
You visited 1 branch of the dungeon, and saw 2 of its levels.

You collected 97 gold pieces.

Inventory:

Armour
 a - a +0 robe (worn)
Jewellery
 e - a ring of protection from cold (left hand)
Scrolls
 d - 2 scrolls of identify {unknown}
 j - a scroll of teleportation {unknown}
 k - a scroll of poison {unknown}
Potions
 b - a potion of lignification
 c - a potion of heal wounds {unknown}
 f - a potion of degeneration {unknown}
 g - a potion of mutation {unknown}
 h - a potion of might {unknown}
 i - a potion of curing {unknown}
 l - a potion of invisibility {unknown}


   Skills:
 + Level 1.4 Fighting
 + Level 2.9 Dodging
 + Level 0.5 Stealth
 + Level 4.0 Unarmed Combat
 + Level 2.2 Spellcasting
 + Level 0.1 Conjurations
 * Level 3.0 Transmutations
 + Level 0.2 Air Magic


You had 2 spell levels left.
You knew the following spells:

 Your Spells              Type           Power      Damage    Failure   Level
a - Beastly Appendage     Tmut           18%        N/A       7%          1
b - Wereblood             Tmut           9%         N/A       11%         2
c - Shock                 Conj/Air       8%         1d3       22%         1

Your spell library contained the following spells:

 Spells                   Type           Power      Damage    Failure   Level
 Passwall                 Tmut/Erth      4%         N/A       19%         2
 Sandblast                Erth           2%         2d4       24%         1
 Static Discharge         Conj/Air       2%         3-4/arc   32%         2
 Spider Form              Tmut/Pois      5%         N/A       36%         3
 Swiftness                Air            2%         N/A       54%         3
 Stone Arrow              Conj/Erth      2%         3d7       56%         3
 Ice Form                 Ice/Tmut       5%         N/A       77%         4
 Airstrike                Air            1%         2d(1-17)  91%         4
 Sticky Flame             Conj/Fire      1%         2d3       92%         4
 Animate Dead             Necr           1%         N/A       93%         4
 Dispel Undead            Necr           1%         3d6       93%         4
 Haunt                    Necr/Summ      0%         N/A       100%        7
 Infestation              Necr           0%         N/A       100%        8


Dungeon Overview and Level Annotations

Branches:
Dungeon (2/15)

Altars:

Annotations:
D:2 Terence


Innate Abilities, Weirdness & Mutations

You have temporarily grown beastly horns.
((You are very nimble when in or above water. (Stealth+, EV+, Speed+++)))
Your lower body shifts to a powerful aquatic tail in water.


Message History

The ball python bites you. The ball python closely misses you.
The adder hisses angrily.
You hit Terence.
Terence is severely wounded.
Terence hits you with a +0 mace. The ball python barely misses you.
The ball python grabs you. The ball python constricts you.
You are too injured to fight recklessly!
You are too injured to fight recklessly!
You are too injured to fight recklessly!
You are too injured to fight recklessly!
You are too injured to fight recklessly!
You are too injured to fight recklessly!
You are too injured to fight recklessly!
You are too injured to fight recklessly!
You are too injured to fight recklessly!
Unknown command.
You escape the ball python's grasp.
The ball python attacks as you move away!
The ball python bites you but does no damage.
Terence attacks as you move away! Terence barely misses you.
Casting: Beastly Appendage (safe; 7% risk of failure)
Confirm with . or Enter, or press ? or * to list all spells.
You grow a pair of large bovine horns.
Terence hits you with a +0 mace.
* * * LOW HITPOINT WARNING * * *
Casting: Beastly Appendage (safe; 7% risk of failure)
Confirm with . or Enter, or press ? or * to list all spells.
Aiming: Shock (safe; 22% risk of failure)
Press: ? - help, Shift-Dir - straight line The zap hits Terence but does no damage.
Terence is severely wounded.
The zap hits the ball python.
The ball python is severely wounded.
The zap hits the ball python.
The ball python is severely wounded.
The zap misses the ball python.
The zap hits the ball python.
You kill the ball python!
The zap hits Terence.
Terence is severely wounded.
Terence hits you with a +0 mace!
You die...

#.# ... ...# .#######.#
.#######.#.. .........##
............
.##.....†.#####. ..........
........).+....###.........
..#.......####..SS..S......
#.#...†...##...#.##.####..
#....#######.#.#@#..B......
####..######.#.#@#.(##.#...
##............#..# ..
#..#####.#.#.#... ...
##.>.......#.#... ..
#.###########.## . #.# ..
#.# #.. #..


You could see Terence, an adder and a ball python.

Vanquished Creatures
  3 orcs (D:2)
  2 endoplasms (D:1)
  2 giant cockroaches
  3 goblins (D:1)
  2 hobgoblins (D:1)
  4 ball pythons
  2 bats
  A frilled lizard (D:1)
  6 kobolds (D:1)
  6 rats
31 creatures vanquished.

Notes
Turn   | Place    | Note
-------+----------+-------------------------------------------
     0 | D:1      | Icepheonix32 the Merfolk Transmuter began the quest for the
                  | Orb.
     0 | D:1      | Reached XP level 1. HP: 15/15 MP: 3/3
   288 | D:1      | Reached XP level 2. HP: 14/21 MP: 5/5
   529 | D:1      | Learned a level 2 spell: Wereblood
   531 | D:1      | Learned a level 1 spell: Shock
   957 | D:1      | Reached XP level 3. HP: 26/26 MP: 0/6
  1232 | D:2      | Reached skill level 4 in Unarmed Combat
  1359 | D:2      | Noticed Terence
  1370 | D:2      | Slain by Terence

Illustrated notes

Levels and vault maps discovered:
D:1:      scummos_arrival_checkerplants, layout_rooms, st_stairs_8
D:2:      layout_basic, basic_altar, minmay_crystal_room, uniq_jessica,
          uniq_natasha, uniq_terence

Skill      XL: |  1  2  3 |
---------------+----------+-----
Unarmed Combat | 4 |  4.0
Transmutations | 3 |  3.0
Fighting       | |  1.4
Dodging        | |  2.9
Stealth        | |  0.5
Spellcasting   | |  2.2
Conjurations   | |  0.1
Air Magic      | |  0.2

Action                   || total
-------------------------++-------
Melee: Unarmed           ||    74
       Headbutt          ||     6
       Punch             ||     1
 Cast: Beastly Appendage ||    13
       Shock             ||    22
Armor: Robe              ||    21
Dodge: Dodged            ||    64
